 Dungeon Crawl Stone Soup version 0.26-b1-32-g5d43845318 (webtiles) character file.

Game seed: 7919724189870512592

333 MajorAdolf the Chopper (level 6, -5/56 HPs)
             Began as a Naga Wanderer on Jan 6, 2021.
             Was an Initiate of Gozag.
             Slain by an ogre
             ... wielding a +0 giant club
              (17 damage)
             ... on level 4 of the Dungeon.
             The game lasted 00:06:44 (3955 turns).

MajorAdolf the Chopper (Naga Wanderer)              Turns: 3955, Time: 00:06:44

Health: -5/56      AC:  5    Str: 16    XL:     6   Next: 53%
Magic:  2/7        EV:  8    Int: 13    God:    Gozag
Gold:   109        SH:  0    Dex: 10    Spells: 6/7 levels left

rFire    . . .     SeeInvis +   i - +2 hand axe (freeze)
rCold    . . .     Faith    .   (no shield)
rNeg     . . .     Spirit   .   c - +0 ring mail
rPois    +         Reflect  .   (no helmet)
rElec    .         Harm     .   (no cloak)
rCorr    .         Rampage  .   o - +0 pair of gloves
Will     .....                  (no barding)
Stlth    +.........             (no amulet)
HPRegen  0.18/turn              (no ring)
MPRegen  0.10/turn              (no ring)

@: very slightly contaminated, very slow
A: large, see invisible, deformed body, poison resistance, slowness 2, spit
poison 1, AC +2
a: Spit Poison, Renounce Religion, Potion Petition, Call Merchant, Bribe Branch


You were on level 4 of the Dungeon.
You worshipped Gozag.
Gozag was aware of your devotion.
You visited 1 branch of the dungeon, and saw 4 of its levels.

You collected 159 gold pieces.
You paid 50 gold pieces to Gozag.

Inventory:

Hand Weapons
 a - a +2 hand crossbow
 e - a +0 dagger
 i - a +2 hand axe of freezing (weapon)
Missiles
 b - 59 bolts
Armour
 c - a +0 ring mail (worn)
 o - a +0 pair of gloves (worn)
Magical Staves
 q - a cursed staff of conjuration {unknown}
Scrolls
 d - a scroll of remove curse {unknown}
 g - 2 scrolls of teleportation {unknown}
 k - a scroll of enchant weapon {unknown}
 l - 3 scrolls of identify {unknown}
 m - a scroll of noise {unknown}
 p - a scroll of fear {unknown}
Potions
 f - 2 potions of curing
 h - a potion of lignification {unknown}
 j - 2 potions of flight {unknown}
 n - a potion of brilliance {unknown}


   Skills:
 - Level 3.2 Fighting
 + Level 5.3 Axes
 - Level 2.6 Crossbows
 - Level 1.0 Armour
 - Level 3.0 Stealth
 - Level 1.0 Spellcasting
 - Level 1.0 Air Magic
 - Level 1.3 Poison Magic


You had 6 spell levels left.
You knew the following spells:

 Your Spells              Type           Power        Failure   Level
a - Sting                 Tmut/Pois      8%           38%         1

Your spell library contained the following spells:

 Spells                   Type           Power        Failure   Level
 Mephitic Cloud           Conj/Pois/Air  2%           75%         3


Dungeon Overview and Level Annotations

Branches:
Dungeon (4/15)
 Temple: D:4-7

Altars:
Fedhas
Gozag
Wu Jian


Innate Abilities, Weirdness & Mutations

You cannot wear boots.
Your serpentine skin is tough. (AC +2)
You have supernaturally acute eyesight. (SInv)
Armour fits poorly on your strangely shaped body.
Your system is resistant to poisons. (rPois)
You cover ground very slowly.
You can spit poison.


Message History

You have got your breath back.
The ogre hits you with a +0 giant club!
Casting: Sting (safe; 38% risk of failure)
Confirm with . or Enter, or press ? or * to list all spells.
Aiming: Sting (safe; 38% risk of failure)
Press: ? - help, Shift-Dir - straight line, f/p - ogre
Aim: an ogre, wielding a +0 giant club (lightly wounded, 17% to evade)
The sting hits the ogre but does no damage.
The ogre is poisoned.
The ogre is lightly wounded.
The ogre hits you with a +0 giant club!
* * * LOW HITPOINT WARNING * * *
Okay, then.
Okay, then.
Okay, then.
Okay, then.
It was a potion of curing.
You feel better. The ogre hits you with a +0 giant club!
You die...
Your body crumbles into a pile of gold.

#+#####################
.........>............#
......................#
.....................>#
......................#
#......O@...........#####
#....###._.#####.........
#....#.........#.........
#....#....+....#.........
#....#....#....#.........
+....#...###..##.........
#....#...###..####+####'#
#....#.........#.........
#....#......[..#.........


You could see an ogre (poisoned).

Vanquished Creatures
  4 orc wizards
  2 orc priests (D:3)
  A worker ant (D:4)
  An adder (D:2)
  An ooze (D:3)
  3 worms
  2 dart slugs
  6 leopard geckos
  12 orcs (D:3)
  12 bats
  4 giant cockroaches
  7 goblins
  12 hobgoblins
  6 jackals
  A ball python (D:4)
  2 frilled lizards
  5 kobolds
  19 rats
100 creatures vanquished.

Notes
Turn   | Place    | Note
-------+----------+-------------------------------------------
     0 | D:1      | MajorAdolf the Naga Wanderer began the quest for the Orb.
     0 | D:1      | MajorAdolf set off with the following items: a +2 hand
                  | crossbow, 23 bolts, a +0 ring mail, a +0 dagger; and the
                  | following spell memorised: Sting; and the following spells
                  | available to memorise: Mephitic Cloud
     0 | D:1      | Reached XP level 1. HP: 18/18 MP: 2/2
   143 | D:1      | Reached XP level 2. HP: 26/26 MP: 3/3
   731 | D:1      | Reached XP level 3. HP: 33/33 MP: 4/4
  1172 | D:2      | Found a faded altar of an unknown god.
  1413 | D:2      | Reached skill level 1 in Axes
  1488 | D:2      | Reached XP level 4. HP: 38/42 MP: 5/5
  1673 | D:2      | Reached skill level 2 in Axes
  2278 | D:2      | Reached skill level 3 in Axes
  2278 | D:2      | Reached XP level 5. HP: 32/49 MP: 6/6
  2482 | D:3      | Found an ornate altar of the Wu Jian Council.
  2883 | D:3      | Reached skill level 4 in Axes
  3055 | D:3      | Reached XP level 6. HP: 13/56 MP: 0/7
  3472 | D:3      | Reached skill level 5 in Axes
  3700 | D:3      | Found a blossoming altar of Fedhas.
  3860 | D:4      | Found an opulent altar of Gozag.
  3911 | D:4      | Became a worshipper of Gozag Ym Sagoz the Greedy
  3955 | D:4      | Slain by an ogre

Illustrated notes

Levels and vault maps discovered:
D:1:      onia_arrival_pentagram, layout_loops_corners
D:2:      layout_basic, serial_curves, eino_curves_03, eino_curves_02,
          chequers_ecumenical_altar_island
D:3:      layout_loops_ring, nzn_wu_jian_council_hall,
          lemuel_coloured_pillars_altar, minmay_crystal_room,
          kennysheep_generic_room_8
D:4:      layout_gridville, nicolae_gozag_seed_capital,
          minmay_temple_entry_mini_moons, minmay_misc_feat_diagonals

Skill      XL: |  1  2  3  4  5  6 |
---------------+-------------------+-----
Fighting       | 2 3 |  3.2
Axes           | 1 3 4 5 |  5.3
Crossbows      | |  2.6
Armour         | |  1.0
Stealth        | |  3.0
Spellcasting   | |  1.0
Air Magic      | |  1.0
Poison Magic   | |  1.3

Action                   |  1- 3 |  4- 6 || total
-------------------------+-------+-------++-------
Melee: Hand axe          |    26 |   131 ||   157
 Fire: Hand crossbow     |    58 |       ||    58
 Cast: Sting             |       |    13 ||    13
 Abil: Spit Poison       |     2 |    19 ||    21
  Use: Potion            |       |     1 ||     1
 Stab: Sleeping          |       |     5 ||     5
Armor: Ring mail         |    22 |    52 ||    74
       Skin              |     1 |       ||     1
Dodge: Dodged            |    17 |    55 ||    72
